 Dungeon Crawl Stone Soup version 0.28.0 (webtiles) character file.

Game seed: 12478931859642478440

9067 Sanktem7 the Cleaver (level 11, -2/101 HPs)
             Began as a Minotaur Fighter on Feb 16, 2022.
             Was a High Priest of Okawaru.
             Shot with a bolt by a yaktaur captain (27 damage)
             ... on level 13 of the Dungeon.
             The game lasted 00:21:59 (9582 turns).

Sanktem7 the Cleaver (Minotaur Fighter)             Turns: 9582, Time: 00:22:00

Health: -2/101     AC: 23    Str: 28    XL:     11   Next: 18%
Magic:  10/10      EV:  9    Int:  5    God:    Okawaru [*****.]
Gold:   558        SH:  4    Dex:  9    Spells: 10/10 levels left

rFire   . . .      SeeInvis .   a - +1 war axe
rCold   . . .      Faith    .   c - +0 buckler
rNeg    + + +      Spirit   .   b - +4 chain mail of Objectivity {*Slow rElec rPois rN+++}
rPois   +          Reflect  .   (helmet unavailable)
rElec   +          Harm     .   (no cloak)
rCorr   .          Rampage  .   (no gloves)
Will    .....                   (no boots)
Stlth   ..........              l - amulet of regeneration
HPRegen 1.06/turn               r - +4 ring of protection
MPRegen 0.12/turn               B - +4 ring of protection

@: no status effects
A: horns 3, retaliatory headbutt, strong 1
a: Renounce Religion, Heroism, Finesse, Duel


You were on level 13 of the Dungeon.
You worshipped Okawaru.
Okawaru was extremely pleased with you.
You visited 1 branch of the dungeon, and saw 11 of its levels.
You also visited: Sewer.

You collected 558 gold pieces.

Inventory:

Hand Weapons
 a - a +1 war axe (weapon)
 u - a +0 shortbow
Missiles
 v - 233 arrows
 F - 3 throwing nets (quivered)
Armour
 b - the +4 chain mail of Objectivity (worn) {*Slow rElec rPois rN+++}
   (You found it on level 5 of the Dungeon)

   rElec:     It insulates you from electricity.
   rPois:     It protects you from poison.
   rN:        It renders you almost immune to negative energy.
   *Slow:     It may slow you when you take damage.
 c - a +0 buckler (worn)
 t - a +2 ring mail of cold resistance
Jewellery
 g - a ring of protection from fire
 l - an amulet of regeneration (around neck)
 q - an amulet of reflection
 r - a +4 ring of protection (left hand)
 B - a +4 ring of protection (right hand)
 D - a ring of ice
Wands
 i - a wand of flame (17)
 n - a wand of polymorph (1)
 y - a wand of iceblast (3)
 C - a wand of mindburst (25)
Scrolls
 e - 3 scrolls of identify
 h - 2 scrolls of fog
 j - 4 scrolls of teleportation
 m - a scroll of fear
 o - 2 scrolls of holy word
 A - a scroll of blinking
 E - a scroll of magic mapping
 G - a scroll of amnesia
 H - a scroll of enchant armour
Potions
 d - 3 potions of might
 f - 2 potions of flight
 p - 3 potions of heal wounds
 s - 5 potions of mutation
 w - a potion of resistance
 x - 6 potions of curing


   Skills:
 * Level 10.6 Fighting
 * Level 14.9 Axes
 * Level 10.8 Armour
 + Level 2.7 Dodging
 - Level 3.6 Shields


You had 10 spell levels left.
You didn't know any spells.
Your spell library contained the following spells:

 Spells                   Type           Power      Damage    Failure   Level
 Foxfire                  Conj/Fire      0%         2x1d4     96%         1
 Magic Dart               Conj           0%         1d3       96%         1
 Slow                     Hex            0%         N/A       96%         1
 Searing Ray              Conj           0%         2d4       99%         2
 Confusing Touch          Hex            0%         N/A       100%        3
 Conjure Flame            Conj/Fire      0%         6-21      100%        3
 Dazzling Flash           Conj/Hex       0%         N/A       100%        3
 Frozen Ramparts          Ice            0%         1d2       100%        3
 Inner Flame              Hex/Fire       0%         N/A       100%        3
 Vampiric Draining        Necr           0%         2d6       100%        3
 Flame Wave               Conj/Fire      0%         2d4       100%        4
 Fulminant Prism          Conj/Hex       0%         3d6       100%        4
 Ice Form                 Ice/Tmut       0%         N/A       100%        4
 Agony                    Necr           0%         N/A       100%        5
 Silence                  Hex/Air        0%         N/A       100%        5
 Summon Ice Beast         Ice/Summ       Unusable   N/A       N/A         4

Dungeon Overview and Level Annotations

Branches:
Dungeon (10/15)            Temple (0/1) D:5            Lair (0/6) D:8
    Orc (0/2) D:10         Vaults (0/5) D:13          Sewer (visited)

Altars:
Ashenzari
Dithmenos
Elyvilon
Hepliaklqana
Nemelex Xobeh
Okawaru
Qazlal
Ru
Sif Muna
Trog
Uskayaw
Wu Jian
Xom
Beogh

Shops:
D:4 *

Annotations:
D:6 2 transporters, Bricks's ghost, novice TrFi


Innate Abilities, Weirdness & Mutations

You have a pair of large horns on your head.
You reflexively headbutt those who attack you in melee.
Your muscles are strong. (Str +2)


Message History

A sourceless malevolence fills the Dungeon...
You fall into a shaft and drop 3 floors!
The shaft crumbles and collapses.
Found a scroll of holy word.
o - 2 scrolls of holy word (gained 1)
You open the door.
There is an open door here.
You drop a +6 ring of intelligence.
You drop a ring of ice.
As you read the scroll of identify, it crumbles to dust.
E - a scroll of magic mapping
As you read the scroll of identify, it crumbles to dust.
G - a scroll of amnesia
As you read the scroll of identify, it crumbles to dust.
H - a scroll of enchant armour A yaktaur comes into view.
The yaktaur shouts!
You hear a shout!
The yaktaur wields a +0 arbalest.
The yaktaur shoots a bolt.
The bolt hits you.
A yaktaur comes into view.
Found a gate to the Vaults.
The yaktaur shouts!
A yaktaur captain comes into view.
The yaktaur captain shouts!
You hear a shout!
The yaktaur shoots a bolt.
You block the bolt.
A tengu conjurer comes into view.
The yaktaur shoots a bolt.
The bolt hits you but does no damage.
The yaktaur captain wields a +0 arbalest.
The yaktaur captain shoots a bolt.
The bolt hits you!
The yaktaur captain shoots a bolt.
The bolt hits you!!
Things that are here:
a ring of ice; a +6 ring of intelligence
There is an open door here.
The yaktaur captain shoots a bolt.
The bolt hits you!!
The yaktaur captain shoots a bolt.
You block the bolt.
You open the door.
The yaktaur captain shoots a bolt.
The bolt hits you!!
* * * LOW HITPOINT WARNING * * *
There is an open door here.
The yaktaur captain shoots a bolt.
You block the bolt.
You open the door.
The yaktaur captain shoots a bolt.
The bolt hits you!!
You die...

#......(+
+....... #......
#..... #.... ...
#'### #@..##
###..# ##'###
#....###########
+....c...c.c....
#....###########
#....# #....#
######


You could see a yaktaur captain.

Vanquished Creatures
  Harold (D:10)
  Erica (D:10)
  2 two-headed ogres
  Pikel (D:8)
  An elephant (D:8)
  2 trolls
  Prince Ribbit (D:8)
  A wyvern (D:9)
  5 yaks
  An acid dragon (D:9)
  6 orc warriors
  2 black bears (D:8)
  A hornet zombie (D:6)
  5 ice beasts
  An ogre (D:7)
  A necrophage (D:4)
  5 centaurs
  A phantom (D:5)
  3 kobold brigands
  3 bullfrogs
  2 gnoll sergeants (D:7)
  A wyvern zombie (D:8)
  4 scorpions
  2 wyvern skeletons (D:7)
  A water moccasin skeleton (D:4)
  3 killer bees (D:9)
  2 howler monkeys
  2 centaur zombies (D:7)
  2 hounds
  2 bullfrog skeletons (D:5)
  3 orc priests
  A centaur skeleton (D:6)
  5 iguanas
  11 orc wizards
  2 killer bee zombies (D:9)
  A howler monkey zombie (D:8)
  10 gnolls (D:7)
  A howler monkey skeleton (D:4)
  7 adders
  2 shadow imps (D:7)
  2 white imps (D:6)
  An ufetubus (D:6)
  4 worms
  3 dart slugs
  52 orcs
  7 bats
  8 endoplasms
  5 giant cockroaches (D:1)
  9 goblins
  8 hobgoblins
  6 jackals (D:1)
  4 quokkas
  7 ball pythons
  2 frilled lizards
  25 kobolds
  8 rats
259 creatures vanquished.

Vanquished Creatures (others)
  An orc wizard (D:10)
  A fungus (D:8)
  33 plants
35 creatures vanquished.

Grand Total: 294 creatures vanquished

Notes
Turn   | Place    | Note
-------+----------+-------------------------------------------
     0 | D:1      | Sanktem7 the Minotaur Fighter began the quest for the Orb.
     0 | D:1      | Reached XP level 1. HP: 19/19 MP: 0/0
   202 | D:1      | Reached XP level 2. HP: 19/27 MP: 1/1
   436 | D:1      | Reached XP level 3. HP: 31/33 MP: 2/2
   555 | D:1      | Reached skill level 3 in Axes
  1026 | D:1      | Found a faded altar of an unknown god.
  1271 | D:2      | Noticed a scorpion
  1281 | D:2      | Killed a scorpion
  1282 | D:2      | Reached skill level 4 in Axes
  1282 | D:2      | Reached XP level 4. HP: 32/41 MP: 3/3
  2000 | D:3      | Reached XP level 5. HP: 31/47 MP: 4/4
  2019 | D:3      | Reached skill level 5 in Armour
  2236 | D:3      | Reached skill level 5 in Axes
  2387 | D:3      | Noticed a centaur
  2396 | D:3      | Killed a centaur
  2397 | D:3      | Reached XP level 6. HP: 8/55 MP: 5/5
  2878 | D:3      | Found a hazy altar of Hepliaklqana.
  2878 | D:3      | Found a sparkling altar of Nemelex Xobeh.
  2879 | D:3      | Found an iron altar of Okawaru.
  2880 | D:3      | Found a shimmering altar of Xom.
  2881 | D:3      | Found a stormy altar of Qazlal.
  2890 | D:3      | Became a worshipper of Warmaster Okawaru
  2910 | D:3      | Found a shimmering blue altar of Sif Muna.
  2929 | D:3      | Found a white marble altar of Elyvilon.
  3151 | D:4      | Found a shadowy altar of Dithmenos.
  3161 | D:4      | Reached skill level 5 in Fighting
  3225 | D:4      | Found Duyrukku's Assorted Antiques.
  3263 | D:4      | Reached skill level 6 in Axes
  3263 | D:4      | Reached skill level 1 in Dodging
  3789 | D:4      | Reached XP level 7. HP: 60/61 MP: 6/6
  4153 | D:5      | Entered Level 5 of the Dungeon
  4156 | D:5      | Identified the +4 chain mail of Objectivity {*Slow rElec
                  | rPois rN+++}
  4219 | D:5      | Found a staircase to the Ecumenical Temple.
  4244 | D:5      | Reached skill level 7 in Axes
  4314 | D:5      | Reached * piety under Okawaru
  4394 | D:5      | Reached XP level 8. HP: 70/70 MP: 7/7
  4754 | D:5      | Found a glowing drain.
  4762 | D:5      | Reached skill level 8 in Axes
  4770 | Sewer    | Entered a sewer
  5310 | D:5      | Gained mutation: Your muscles are strong. (Str +2) [potion
                  | of mutation]
  5310 | D:5      | Gained mutation: You have a pair of large horns on your
                  | head. [potion of mutation]
  5366 | D:6      | Found a broken altar of Ashenzari.
  5440 | D:6      | Reached skill level 9 in Axes
  5504 | D:6      | Reached ** piety under Okawaru
  5522 | D:6      | Noticed a two-headed ogre
  5533 | D:6      | Killed a two-headed ogre
  5533 | D:6      | Reached *** piety under Okawaru
  5534 | D:6      | Reached skill level 10 in Axes
  5534 | D:6      | Reached XP level 9. HP: 68/79 MP: 8/8
  5597 | D:6      | Noticed Bricks's ghost (novice TrFi)
  5598 | D:6      | Found a transporter.
  5598 | D:6      | Identified the +11 dire flail of the Six Scars {vamp,
                  | Str+2}
  5598 | D:6      | Noticed a two-headed ogre
  5607 | D:6      | Found a transporter.
  5838 | D:7      | Noticed a troll
  5838 | D:7      | Found an ornate altar of the Wu Jian Council.
  6092 | D:7      | Reached skill level 11 in Axes
  6307 | D:7      | Reached **** piety under Okawaru
  6488 | D:7      | Killed a troll
  6489 | D:7      | Reached skill level 12 in Axes
  7134 | D:8      | Noticed Prince Ribbit
  7140 | D:8      | Killed Prince Ribbit
  7177 | D:8      | Reached XP level 10. HP: 84/90 MP: 9/9
  7245 | D:8      | Noticed Pikel
  7262 | D:8      | Killed Pikel
  7270 | D:8      | Reached skill level 13 in Axes
  7379 | D:8      | Noticed an elephant
  7391 | D:8      | Killed an elephant
  7391 | D:8      | Reached ***** piety under Okawaru
  7398 | D:8      | Found a staircase to the Lair.
  7431 | D:8      | Reached skill level 10 in Armour
  8036 | D:9      | Found a sacrificial altar of Ru.
  8161 | D:9      | Found a hide-covered altar of Uskayaw.
  8990 | D:10     | Entered Level 10 of the Dungeon
  9079 | D:10     | Found a staircase to the Orcish Mines.
  9194 | D:10     | Noticed Harold
  9203 | D:10     | Reached skill level 14 in Axes
  9216 | D:10     | Killed Harold
  9217 | D:10     | Reached skill level 10 in Fighting
  9247 | D:10     | Noticed Erica
  9278 | D:10     | Killed Erica
  9279 | D:10     | Reached XP level 11. HP: 93/101 MP: 10/10
  9328 | D:10     | Noticed a two-headed ogre
  9336 | D:10     | Killed a two-headed ogre
  9482 | D:10     | Found a bloodstained altar of Trog.
  9514 | D:10     | You fall into a shaft and drop 3 floors!
  9547 | D:13     | Found a gate to the Vaults.
  9547 | D:13     | Noticed a yaktaur captain
  9582 | D:13     | Shot with a bolt by a yaktaur captain

Illustrated notes

Levels and vault maps discovered:
D:1:      kennysheep_arrival_forest, layout_basic,
          hellmonk_ecumenical_altar_defaced_shrine, minmay_split_cup_small
D:2:      layout_loops_cross
D:3:      wad_woods_pond, layout_rooms, nicolae_sif_muna_little_library,
          minitemple
D:4:      layout_basic, mainiacjoe_overflow_alcove_1, serial_shops,
          nicolae_shop_overgrown_old_shop, kennysheep_crisscross
D:5:      layout_loops_ring, temple_statues, portal_sewer_entry_d
D:6:      layout_cave_pools, cheibrodos_ashenzari_chains, gammafunk_ghost_smash,
          amcnicky_mini_pool_small
D:7:      layout_basic, mainiacjoe_overflow_tiny_flanked,
          hangedman_decor_peaks_small, dk_noncrumbling_4
D:8:      layout_loops_ring, david_lair_generic, uniq_prince_ribbit1, uniq_pikel
D:9:      layout_grid_maze, mainiacjoe_overflow_24_doors,
          mainiacjoe_overflow_alcove_2, chequers_decorated_corner
D:10:     layout_irregular_city, trog_hazing_becter, hiddenorc2_lemuel,
          corexii_checkpoint_b, uniq_harold, uniq_erica, uniq_nergalle
D:13:     layout_roguey, david_vaults_2, serial_shops,
          nicolae_shop_behind_doors, chequers_serial_rivers_large_a

Skill      XL: |  1  2  3  4  5  6  7  8  9 10 |
---------------+-------------------------------+-----
Armour         | 4 5 6 7 8 9 10 | 10.8
Fighting       | 4 5 6 7 8 10 | 10.6
Axes           | 4 5 6 7 10 12 14 | 14.9
Dodging        | 1 2 |  2.7
Shields        | |  3.6

Action                   |  1- 3 |  4- 6 |  7- 9 | 10-12 || total
-------------------------+-------+-------+-------+-------++-------
Melee: War axe           |    89 |   112 |   327 |   222 ||   750
       Headbutt          |    12 |    13 |    57 |    35 ||   117
  Use: Scroll            |       |       |    15 |     3 ||    18
       Potion            |       |       |     4 |       ||     4
Armor: Scale mail        |    46 |    49 |     3 |       ||    98
       Chain mail        |       |       |   196 |   144 ||   340
Dodge: Dodged            |    57 |    61 |   131 |    93 ||   342
Block: Buckler           |    23 |    25 |    66 |    33 ||   147
